AoeStats
← [UZN] Yen Lo

Arena

510938373Analyzed
4v4 RM · 17h ago on Oct 3, 2026· 41m 4s· 8 players
Game mode
Random Map
Map size
Large (8 player)
Population
200
Speed
Normal
Resources
Standard
Victory
Conquest
Starting age
Dark Age
Ending age
Imperial Age
RankedLock teamsTeams togetherTeam positionsShared explorationLock speedFull tech treeHidden civsTurbo modeCheats
Victory
Defeat
🇹🇼 Lithuanians · Taiwan
1221
+13
🇯🇵 Slavs · Japan
1156
+15
1110
+17
🇹🇷 Varangians · Türkiye
1103
+18
🇵🇪 Malians · Peru
1210
-18
🇦🇺 Franks · Australia
1150
-16
🇦🇺 Slavs · Australia
1128
-15
🇦🇺 Persians · Australia
1088
-14
Tamejirou
9:43 Feudal Age
14:01 Castle Age
12:09 Double-Bit Axe
12:57 Horse Collar
19:20 Loom
20:24 Scale Barding Armor
20:25 Gold Mining
21:14 Wheelbarrow
21:10 Husbandry
21:20 Bloodlines
22:24 Bloodlines
24:03 Chain Barding Armor
24:21 Hand Cart
24:32 Town Watch
25:00 Forging
27:03 Iron Casting
29:48 Imperial Age
27:59 Heavy Plow
28:17 Bow Saw
29:18 Light Cavalry
30:07 Cavalier
31:44 Plate Barding Armor
32:21 Gold Shaft Mining
31:36 Stone Mining
33:13 Scale Mail Armor
34:13 Blast Furnace
33:41 Conscription
33:36 Druzhina
33:31 Pikeman
34:11 Squires
34:28 Chain Mail Armor
35:31 Detinets
35:50 Halberdier
36:31 Capped Ram
37:01 Man-at-Arms
37:21 Siege Ram
39:19 Plate Mail Armor
40:21 Hussar
baha
10:09 Feudal Age
14:51 Castle Age
13:09 Double-Bit Axe
13:36 Horse Collar
15:40 Loom
27:28 Imperial Age
29:39 Scale Barding Armor
31:12 Chain Barding Armor
32:58 Conscription
35:26 Forging
41:25 Bow Saw
41:18 Heavy Plow
40:44 Elite Jarl
这游戏有人类队友吗
12:18 Feudal Age
11:32 Loom
16:07 Castle Age
14:35 Double-Bit Axe
14:36 Horse Collar
27:13 Bow Saw
27:04 Heavy Plow
28:23 Wheelbarrow
27:42 Gold Mining
29:24 Hand Cart
31:52 Imperial Age
29:43 Padded Archer Armor
34:27 Chemistry
34:03 Leather Archer Armor
34:29 Fortified Wall
34:49 Bloodlines
36:12 Ring Archer Armor
36:01 Masonry
37:10 Elite Conquistador
38:11 Conscription
39:17 Architecture
[UZN] Yen Lo
5:18 Loom
10:47 Feudal Age
12:18 Double-Bit Axe
15:07 Castle Age
12:52 Horse Collar
16:37 Bow Saw
24:36 Wheelbarrow
25:38 Hand Cart
28:22 Scale Barding Armor
28:28 Forging
30:56 Imperial Age
29:15 Bloodlines
29:07 Husbandry
29:21 Heavy Plow
30:20 Chain Barding Armor
30:35 Iron Casting
30:29 Gold Mining
32:17 Plate Barding Armor
32:05 Conscription
31:06 Elite Leitis
31:10 Cavalier
33:28 Chemistry
33:07 Crop Rotation
33:14 Paladin
11++
10:31 Feudal Age
14:40 Castle Age
12:39 Double-Bit Axe
13:39 Horse Collar
20:30 Fletching
22:51 Bodkin Arrow
26:57 Padded Archer Armor
27:08 Forging
28:26 Leather Archer Armor
28:27 Forging
33:55 Imperial Age
31:11 Loom
32:52 Iron Casting
32:17 Scale Mail Armor
33:14 Squires
35:11 Conscription
35:27 Chain Mail Armor
36:20 Ballistics
38:01 Wheelbarrow
37:35 Gold Mining
37:46 Elite Skirmisher
39:47 Gold Shaft Mining
41:14 Chemistry
41:36 Leather Archer Armor
Mr. Takoyaki-san
10:59 Feudal Age
15:13 Castle Age
13:13 Double-Bit Axe
14:05 Wheelbarrow
24:00 Hand Cart
25:14 Bow Saw
25:00 Gold Mining
25:01 Stone Mining
30:40 Imperial Age
28:45 Fortified Wall
29:23 Husbandry
30:55 Gold Shaft Mining
30:05 Treadmill Crane
31:06 Scale Barding Armor
31:12 Forging
30:50 Cavalier
32:23 Chain Barding Armor
33:15 Iron Casting
32:15 Paladin
35:36 Chivalry
37:27 Conscription
38:46 Plate Barding Armor
39:23 Blast Furnace
minecraftgirl.2014
10:19 Feudal Age
13:57 Castle Age
12:56 Horse Collar
13:02 Double-Bit Axe
14:44 Heavy Plow
21:34 Wheelbarrow
21:42 Bow Saw
22:49 Loom
22:49 Town Watch
28:54 Imperial Age
26:45 Forging
26:40 Scale Barding Armor
27:07 Scale Barding Armor
27:35 Bloodlines
28:15 Iron Casting
28:15 Husbandry
29:27 Chain Barding Armor
28:30 Cavalier
31:06 Blast Furnace
29:50 Savar
34:37 Gold Mining
34:37 Stone Mining
35:07 Hand Cart
34:53 Town Patrol
36:13 Plate Barding Armor
35:29 Fletching
35:39 Padded Archer Armor
36:42 Ballistics
37:22 Chemistry
36:03 Crossbowman
36:48 Kamandaran
38:10 Thumb Ring
40:46 Bodkin Arrow
41:06 Leather Archer Armor
ants
11:03 Feudal Age
16:13 Castle Age
20:31 Fletching
23:56 Bodkin Arrow
25:38 Wheelbarrow
29:49 Imperial Age
28:51 Detinets
33:57 Pikeman
Connection lost

Rejoining the realm…

Still unreachable

The connection could not be restored.

Session expired

The server has moved on; the page needs a fresh start.